 Dungeon Crawl Stone Soup version 0.29.0-4-gdea44cf6ec (webtiles) character file.

Game seed: 610428964641540250

109 qw the Chopper (level 4, -1/26 HPs)
             Began as a Tengu Warper on Aug 28, 2022.
             Slain by an orc priest
             ... wielding a +0 hand axe
              (4 damage)
             ... on level 3 of the Dungeon.
             The game lasted 00:00:14 (2240 turns).

qw the Chopper (Tengu Warper)                       Turns: 2240, Time: 00:00:14

Health: -1/26      AC: 10    Str: 13    XL:     4   Next: 90%
Magic:  8/8        EV:  3    Int: 14    God:
Gold:   102        SH:  0    Dex: 13    Spells: 7/7 levels left

rFire   . . .      SeeInvis .   i - +0 war axe
rCold   . . .      Faith    .   (no shield)
rNeg    . . .      Spirit   .   f - +0 plate armour
rPois   .          Reflect  .   (helmet restricted)
rElec   .          Harm     .   (no cloak)
rCorr   .          Rampage  .   (no gloves)
Will    .....                   (boots unavailable)
Stlth   ..........              (no amulet)
HPRegen 0.08/turn               (no ring)
MPRegen 0.11/turn               (no ring)

@: no status effects
A: beak, talons 3
a: no special abilities


You were on level 3 of the Dungeon.
You visited 1 branch of the dungeon, and saw 3 of its levels.

You collected 102 gold pieces.


Innate Abilities, Weirdness & Mutations

You have a beak for a mouth.
You have claws for feet.


   Skills:
 - Level 2.0 Fighting
 + Level 5.0 Axes
 - Level 1.0 Throwing
 - Level 2.1 Armour
 - Level 2.1 Dodging
 - Level 2.0 Spellcasting
 - Level 2.4 Translocations


You had 7 spell levels left.
You didn't know any spells.
Your spell library contained the following spells:

 Spells                   Type           Power      Damage    Failure   Level
 Blink                    Tloc           16%        N/A       100%        2
 Gell's Gravitas          Tloc           8%         N/A       100%        3
 Lesser Beckoning         Tloc           8%         N/A       100%        3
 Teleport Other           Tloc           8%         N/A       100%        3
 Manifold Assault         Tloc           8%         N/A       100%        5

Inventory:

Hand Weapons
 a - a +0 whip
 i - a +0 war axe (weapon)
Armour
 f - a +0 plate armour (worn)
Jewellery
 g - a ring of protection from fire
Potions
 b - 2 potions of degeneration {unknown}
 c - a potion of lignification {unknown}
 d - a potion of attraction {unknown}
 e - a potion of might {unknown}
 h - 3 potions of curing
 j - 2 potions of haste

Dungeon Overview and Level Annotations

Branches:
Dungeon (3/15)

Altars:
Nemelex Xobeh


Message History

You start waiting.
An orc priest is nearby!
The orc shouts!
You hear a shout!
You barely miss the orc priest.
You claw the orc priest, but do no damage.
Your peck misses the orc priest. You hit the orc.
The orc hits you with a +0 short sword.
The orc priest hits you with a +0 hand axe.
An orc comes into view. It is wielding a +0 dagger.
The orc priest hits you but does no damage.
You hit the orc priest but do no damage.
Your kick misses the orc priest. You hit the orc.
An orc comes into view. It is wielding a +0 dagger.
The orc priest hits you but does no damage.
You barely miss the orc.
The orc shouts!
Your peck misses the orc.
The orc is moderately wounded.
You slash the orc priest!
The orc priest hits you with a +0 hand axe.
The orc hits you but does no damage.
You hit the orc priest but do no damage.
Your kick misses the orc priest.
You peck the orc priest, but do no damage.
The orc priest is heavily wounded.
You closely miss the orc.
The orc priest calls down the wrath of Beogh upon you.
Pain shoots through your body! The orc barely misses you.
The orc hits you but does no damage.
You closely miss the orc. Your peck misses the orc.
The orc is severely wounded.
You hit the orc but do no damage.
You hit the orc priest but do no damage.
The orc priest hits you with a +0 hand axe.
The orc hits you but does no damage.
You hit the orc.
You kill the orc!
You hit the orc. You hit the orc priest.
The orc priest hits you with a +0 hand axe.
You die...

#...........##.#######.#..#
#...........#............#
#...........##...##..######
#..............#.##.##...[.
#..............#.#.....####
#.....#######....#######
#........####...##
########.).......#
#.%.o@.#..####
#.....oo#.#..# #_.
#.......#......##.
#....o..###..#.## ####.####
#... #. ..## .. ..# .. ...
###


You could see an orc priest and 3 orcs.

Vanquished Creatures
  3 gnolls (D:2)
  2 adders
  2 worms (D:2)
  2 dart slugs
  An orc (D:3)
  7 ball pythons
  9 endoplasms
  4 giant cockroaches
  2 goblins
  5 hobgoblins
  A kobold (D:1)
  2 quokkas
  3 bats (D:1)
  5 frilled lizards
  2 rats (D:1)
50 creatures vanquished.

Notes
Turn   | Place    | Note
-------+----------+-------------------------------------------
     0 | D:1      | qw the Tengu Warper began the quest for the Orb.
     0 | D:1      | Reached XP level 1. HP: 12/12 MP: 4/4
     0 | D:1      | 0 ||| qw: Version: 0.1-a-89-g26bdef1
     0 | D:1      | 0 ||| qw: Game counter: 281
     0 | D:1      | 0 ||| qw: Always use a shield: true
     0 | D:1      | 0 ||| qw: God list: Okawaru
     0 | D:1      | 0 ||| qw: Allow faded altars: false
     0 | D:1      | 0 ||| qw: Do Orc after D:15 true
     0 | D:1      | 0 ||| qw: Do second Lair branch before Depths: true
     0 | D:1      | 0 ||| qw: Lair rune preference: random
     0 | D:1      | 0 ||| qw: Plans: Normal
     0 | D:1      | 0 ||| PLANNING D:1-11
   177 | D:1      | Reached skill level 3 in Axes
   177 | D:1      | Reached XP level 2. HP: 17/17 MP: 6/6
   207 | D:1      | 207 ||| Stepping ~*~*~tactically~*~*~ (stealth).
   208 | D:1      | 208 ||| Stepping ~*~*~tactically~*~*~ (stealth).
   214 | D:1      | 214 ||| Stepping ~*~*~tactically~*~*~ (stealth).
   455 | D:1      | 455 ||| Stepping ~*~*~tactically~*~*~ (hiding).
   759 | D:1      | Reached XP level 3. HP: 21/21 MP: 7/7
  1049 | D:1      | Found a faded altar of an unknown god.
  1062 | D:1      | 1062 ||| UPGRADING to +0 plate armour.
  1072 | D:1      | 1072 ||| DROPPING +0 leather armour.
  1073 | D:1      | 1073 ||| READING scroll labelled ZAXYSASUUL.
  1074 | D:1      | 1074 ||| READING scroll labelled NOUREL OSOZEKK.
  1075 | D:1      | 1075 ||| DRINKING 2 murky red potions.
  1076 | D:1      | 1076 ||| DROPPING scroll of blinking.
  1110 | D:2      | Reached skill level 4 in Axes
  1352 | D:2      | 1352 ||| Stepping ~*~*~tactically~*~*~ (stealth).
  1400 | D:2      | 1400 ||| Stepping ~*~*~tactically~*~*~ (stealth).
  1670 | D:2      | 1670 ||| READING scroll labelled FESSUP FU GIST.
  1671 | D:2      | 1671 ||| READING scroll labelled WUSHAPS YNUBI.
  1672 | D:2      | 1672 ||| DRINKING 2 cyan potions.
  1673 | D:2      | 1673 ||| DROPPING potion of brilliance.
  1697 | D:3      | 1697 ||| PLANNING SEWER
  1698 | D:3      | 1698 ||| STAIRDANCE
  1703 | D:2      | Reached XP level 4. HP: 21/26 MP: 8/8
  1766 | D:3      | 1766 ||| STAIRDANCE
  1771 | D:2      | 1771 ||| DROPPING +0 club.
  1775 | D:3      | 1775 ||| STAIRDANCE
  2133 | D:3      | 2133 ||| SWAPPING to +0 war axe.
  2134 | D:3      | 2134 ||| DROPPING +0 hand axe of venom.
  2159 | D:3      | Found a sparkling altar of Nemelex Xobeh.
  2217 | D:3      | Reached skill level 5 in Axes
  2227 | D:3      | 2227 ||| Stepping ~*~*~tactically~*~*~ (stealth).
  2228 | D:3      | 2228 ||| Stepping ~*~*~tactically~*~*~ (stealth).
  2229 | D:3      | 2229 ||| Stepping ~*~*~tactically~*~*~ (hiding).
  2238 | D:3      | HP: 6/26 [orc priest/nerve-wracking pain (10)]
  2240 | D:3      | Slain by an orc priest

Levels and vault maps discovered:
D:1:      shiori_arrival_oz, layout_rooms, shapermc_ecumenical_altar_mp_vishouse
D:2:      layout_basic
D:3:      layout_rooms, nicolae_overflow_hidden_temple,
          cheibrodos_sewer_entry_bend, grunt_ministairs_4

Skill      XL: |  1  2  3  4 |
---------------+-------------+-----
Axes           | 3 4 5 |  5.0
Armour         | 2 |  2.1
Fighting       | |  2.0
Throwing       | |  1.0
Dodging        | |  2.1
Spellcasting   | |  2.0
Translocations | |  2.4

Action                   |  1- 3 |  4- 6 || total
-------------------------+-------+-------++-------
Melee: Hand axe          |    86 |    13 ||    99
       Kick              |    24 |     7 ||    31
       Peck              |    16 |     5 ||    21
       Punch             |     1 |       ||     1
       War axe           |       |    20 ||    20
Throw: Boomerang         |     7 |       ||     7
  Use: Scroll            |     4 |       ||     4
       Potion            |     2 |       ||     2
Armor: Leather armour    |    10 |       ||    10
       Plate armour      |     9 |    23 ||    32
Dodge: Dodged            |    32 |    11 ||    43

Table legend:
 A = Non-vault XP
 B = Vault XP
 C = Vault XP percentage of total XP
 D = Non-vault monster count
 E = Vault monster count
 F = Vault count percentage of total count
                 A         B        C        D         E       F
            +---------+---------+-------+---------+---------+-------
      Total |     156 |       4 |   2.5 |      48 |       2 |   4.0
            +---------+---------+-------+---------+---------+-------
        D:1 |      44 |       0 |   0.0 |      25 |       0 |   0.0
        D:2 |      85 |       0 |   0.0 |      16 |       0 |   0.0
        D:3 |      27 |       4 |  12.9 |       7 |       2 |  22.2
            +---------+---------+-------+---------+---------+-------
